 Dungeon Crawl Stone Soup version 0.30.1-11-g7821555f0a (webtiles) character file.

Game seed: 3003129729949028644

3362 monsoonserge the Grappler (level 9, -4/89 HPs)
             Began as a Troll Fighter on Nov 14, 2023.
             Killed from afar by an electric eel (12 damage)
             ... with a bolt of electricity
             ... on level 8 of the Dungeon.
             The game lasted 00:17:28 (6023 turns).

monsoonserge the Grappler (Troll Fighter)           Turns: 6023, Time: 00:17:29

Health: -4/89      AC:  7    Str: 26    XL:     9   Next: 73%
Magic:  8/8        EV:  9    Int:  8    God:
Gold:   392        SH:  9    Dex:  9    Spells: 6/8 levels left

rFire   . .          .
                       - Unarmed
rCold   + . .        b - +0 kite shield
rNeg    . . .        B - +2 robe {Will+}
rPois   .            (helmet restricted)
rElec   .            p - +0 cloak
rCorr   .            (gloves unavailable)
SInv    .            (boots unavailable)
Will    +....        (no amulet)
Stlth   +            G - ring of protection from cold
HPRegen 1.14/turn    H - ring of flight
MPRegen 0.11/turn

%: no passive effects
@: flying
A: large, unfitting armour, claws 3, regeneration 1, shaggy fur 1, tough skin 1
a: no special abilities


You were on level 8 of the Dungeon.
You visited 2 branches of the dungeon, and saw 9 of its levels.

You collected 502 gold pieces.
You spent 110 gold pieces at shops.

Inventory:

Hand Weapons
 a - a +0 sling
Missiles
 d - 5 javelins
 f - a throwing net
 o - 6 curare-tipped darts
 v - 13 poisoned darts (quivered)
Armour
 b - a +0 kite shield (worn)
 p - a +0 cloak (worn)
 B - a +2 robe of willpower (worn)
Jewellery
 G - a ring of protection from cold (left claw)
 H - a ring of flight (right claw)
 J - a ring of protection from cold
Wands
 C - a wand of mindburst (6)
 D - a wand of flame (15)
 M - a wand of paralysis (7)
Scrolls
 i - 5 scrolls of magic mapping {unknown}
 k - 6 scrolls of teleportation
 l - a scroll of acquirement
 m - 2 scrolls of enchant armour
 q - a scroll of butterflies
 r - 3 scrolls of fog
 t - 4 scrolls of blinking {unknown}
 x - 2 scrolls of noise {unknown}
 y - a scroll of amnesia {unknown}
 z - 3 scrolls of fear {unknown}
 A - a scroll of brand weapon {unknown}
 E - a scroll of poison {unknown}
 F - 3 scrolls of enchant weapon
Potions
 c - a potion of might
 e - a potion of flight
 g - 2 potions of resistance
 h - 4 potions of lignification {unknown}
 j - a potion of mutation
 n - 2 potions of heal wounds
 s - 7 potions of curing
 u - 3 potions of haste
 w - a potion of invisibility
 I - a potion of ambrosia
 K - a potion of brilliance
 L - a potion of magic


   Skills:
 + Level 6.2 Fighting
 - Level 3.0 Dodging
 + Level 6.8 Shields
 * Level 9.9 Unarmed Combat


You had 6 spell levels left.
You knew the following spells:

 Your Spells              Type           Power      Damage    Failure   Level
a - Passwall              Tmut/Erth      0%         N/A       77%         2

Your spell library contained the following spells:

 Spells                   Type           Power      Damage    Failure   Level
 Beastly Appendage        Tmut           0%         N/A       63%         1
 Sandblast                Erth           0%         2d4       63%         1
 Sting                    Tmut/Pois      0%         1d3       63%         1
 Poisonous Vapours        Pois/Air       0%         N/A       77%         2
 Scorch                   Fire           0%         2d5       77%         2
 Wereblood                Tmut           0%         N/A       77%         2
 Call Canine Familiar     Summ           0%         N/A       94%         3
 Portal Projectile        Hex/Tloc       0%         N/A       94%         3
 Spider Form              Tmut/Pois      0%         N/A       94%         3
 Stone Arrow              Conj/Erth      0%         3d7       94%         3
 Tukima's Dance           Hex            0%         N/A       94%         3
 Vhi's Electric Charge    Tloc/Air       0%         N/A       94%         3
 Flame Wave               Conj/Fire      0%         2d4       100%        4
 Leda's Liquefaction      Hex/Erth       0%         N/A       100%        4
 Olgreb's Toxic Radiance  Pois           0%         N/A       100%        4
 Passage of Golubria      Tloc           0%         N/A       100%        4
 Arcjolt                  Conj/Air       0%         1d10      100%        5
 Yara's Violent Unravell  Hex/Tmut       0%         3d3       100%        5
 Summon Cactus Giant      Summ           0%         N/A       100%        6
 Maxwell's Capacitive Co  Air            0%         ∞         100%        8


Dungeon Overview and Level Annotations

Branches:
Dungeon (8/15)             Temple (1/1) D:4
   Lair: D:8-11

Altars:
Ashenzari
Cheibriados
Dithmenos
Elyvilon
Gozag
Hepliaklqana
Kikubaaqudgha
Makhleb
Nemelex Xobeh
Qazlal
Ru
Sif Muna
Trog
Uskayaw
Vehumet
Xom
Yredelemnul
Zin
The Shining One
Lugonu

Shops:
D:3 !


Innate Abilities, Weirdness & Mutations

You are too large for most types of armour.
You have claws for hands.
Your natural rate of healing is unusually fast.
You are covered in fur. (AC +1)
You have tough skin. (AC +1)


Message History

The hound is almost dead.
The hound barely misses you. x2
Unknown command.
You miss the hound.
The hound is almost dead.
The hound bites you but does no damage.
You scratch the hound.
The hound is almost dead.
The hound bites you but does no damage.
You scratch the hound.
You kill the hound!
No target in view!
You start resting.
An electric eel is nearby!
The electric eel shoots out a bolt of lightning at you!
The bolt of electricity hits you.
You see here a troll corpse.
The electric eel shoots out a bolt of lightning at you!
The bolt of electricity hits you! x2
The bolt of electricity hits the electric eel.
The electric eel completely resists.
The electric eel shoots out a bolt of lightning at you!
The bolt of electricity hits you!
You miss the electric eel.
The electric eel shoots out a bolt of lightning at you!
The bolt of electricity hits you! x2
The bolt of electricity hits the electric eel.
The electric eel completely resists.
You closely miss the electric eel.
The electric eel shoots out a bolt of lightning at you!
The bolt of electricity hits you!
The electric eel shoots out a bolt of lightning at you!
The bolt of electricity hits you!
* * * LOW HITPOINT WARNING * * *
You see here a troll corpse.
The electric eel shoots out a bolt of lightning at you!
The bolt of electricity hits you!
* * * LOW HITPOINT WARNING * * *
The bolt of electricity hits you!
You die...

#.##.....≈~≈≈~~≈~~≈~≈# #.
###†##.#...~~~~≈≈≈≈≈..~##
#.
.........~~~.≈.≈≈≈~~.....
#.##
###.####......~≈.S.≈.^.#
#..# .##†#
.~..~.~.†..~~..######.###
.##.#
........S....~.##........
.##.#
...............##.###.###
.##.#
.<#.#####†#######.#...###
.##.# ######@.#
###.#....## .##.#
###....##.# #......_.(.
)...# ##......'..#
#.#.##....# ###.#
##.......#### #.#.###...#
#.###..)..####
#.#.###.### #.##....###
### #.#........
#.##...### #.#
#.#####.### ###.#....##Bc
#.# #.......# ....#...##
FY.#.#######.#######


You could see an electric eel.

Vanquished Creatures
  A troll (D:8)
  Prince Ribbit (D:6)
  Grinder (D:5)
  Sigmund (D:5)
  Edmund (D:6)
  2 water moccasins
  An orc warrior (D:8)
  A black bear (D:5)
  3 sky beasts
  A wolf (D:8)
  An ogre (D:5)
  A kobold brigand (D:6)
  4 bullfrogs
  2 gnoll sergeants
  2 scorpions
  A howler monkey (D:7)
  An electric eel (D:8)
  3 quasits (D:6)
  6 hounds
  2 orc priests (D:7)
  2 jellies (D:6)
  4 iguanas
  A sleepcap (D:5)
  Ijyb (D:4)
  Terence (D:3)
  An orc wizard (D:5)
  11 adders
  16 gnolls
  2 white imps
  3 ufetubi
  2 worms (D:2)
  3 dart slugs
  17 orcs
  7 endoplasms
  2 giant cockroaches (D:1)
  13 goblins
  11 hobgoblins
  13 jackals
  9 kobolds
  3 quokkas
  3 ball pythons
  3 bats
  4 frilled lizards
  6 rats
174 creatures vanquished.

Notes
Turn   | Place    | Note
-------+----------+-------------------------------------------
     0 | D:1      | monsoonserge the Troll Fighter began the quest for the Orb.
     0 | D:1      | Reached XP level 1. HP: 22/22 MP: 0/0
    62 | D:1      | Reached XP level 2. HP: 13/29 MP: 1/1
   282 | D:1      | Reached XP level 3. HP: 36/36 MP: 2/2
   785 | D:2      | Reached skill level 3 in Unarmed Combat
   793 | D:2      | Reached XP level 4. HP: 34/44 MP: 3/3
   993 | D:3      | Found Ypaem's Distillery.
  1023 | D:2      | Reached XP level 5. HP: 53/53 MP: 4/4
  1046 | D:3      | Bought a potion of curing for 30 gold pieces
  1496 | D:3      | Noticed Terence
  1503 | D:3      | Killed Terence
  1770 | D:3      | Bought a potion of invisibility for 80 gold pieces
  2129 | D:3      | Reached skill level 4 in Unarmed Combat
  2201 | D:4      | Found a staircase to the Ecumenical Temple.
  2221 | Temple   | Entered the Ecumenical Temple
  2507 | D:4      | Noticed Ijyb
  2522 | D:4      | Killed Ijyb
  2523 | D:4      | Reached XP level 6. HP: 61/61 MP: 5/5
  2754 | D:4      | Found a white marble altar of Elyvilon.
  2800 | D:4      | Found a radiant altar of Vehumet.
  2803 | D:4      | Found a shimmering blue altar of Sif Muna.
  2840 | D:5      | Entered Level 5 of the Dungeon
  2904 | D:5      | Identified a scroll of acquirement
  2934 | D:5      | Noticed Sigmund
  2941 | D:5      | Killed Sigmund
  2942 | D:5      | Reached skill level 5 in Unarmed Combat
  2942 | D:5      | Reached XP level 7. HP: 65/68 MP: 6/6
  3325 | D:5      | Reached skill level 6 in Unarmed Combat
  3568 | D:5      | Noticed Grinder
  3575 | D:5      | Killed Grinder
  3576 | D:5      | Reached skill level 5 in Shields
  3576 | D:5      | Reached XP level 8. HP: 76/79 MP: 7/7
  3729 | D:6      | Noticed Prince Ribbit
  3742 | D:6      | Killed Prince Ribbit
  3743 | D:6      | Reached skill level 7 in Unarmed Combat
  3871 | D:6      | Found a shadowy altar of Dithmenos.
  3961 | D:6      | Found a shimmering altar of Xom.
  3962 | D:6      | Found a hazy altar of Hepliaklqana.
  3963 | D:6      | Noticed a spectral ugly thing
  4005 | D:6      | Noticed Edmund
  4015 | D:6      | Killed Edmund
  4016 | D:6      | Reached skill level 5 in Fighting
  4032 | D:6      | Found the +18 Lear's hauberk
  4042 | D:6      | Identified the +5 dagger "Latiwuh" {spect, rPois Str+2
                  | Dex-4}
  4556 | D:6      | Learned a level 2 spell: Passwall
  4597 | D:6      | Reached skill level 8 in Unarmed Combat
  4791 | D:7      | Found a snail-covered altar of Cheibriados.
  4828 | D:7      | Reached XP level 9. HP: 88/88 MP: 8/8
  4890 | D:7      | Found a burning altar of Makhleb.
  5427 | D:8      | Reached skill level 9 in Unarmed Combat
  5427 | D:8      | Found an ancient bone altar of Kikubaaqudgha.
  5430 | D:8      | Found an opulent altar of Gozag.
  5809 | D:8      | Found a sparkling altar of Nemelex Xobeh.
  5881 | D:8      | Noticed a boulder beetle
  5901 | D:8      | Noticed a troll
  5915 | D:8      | Killed a troll
  6023 | D:8      | Killed from afar by an electric eel

Illustrated notes

Levels and vault maps discovered:
D:1:      wander_arrival_desolate, layout_basic, hangedman_decor_lopped,
          reono_crystal_passage
D:2:      layout_basic
D:3:      layout_basic, serial_shops, shop, uniq_terence
D:4:      kennysheep_goblin_castle, layout_rooms, marbit_many_paths,
          lemuel_doored_altar, kennysheep_mini, minmay_temple_entry_overgrown
D:5:      layout_loops_ring, uniq_grinder, uniq_ijyb, uniq_sigmund
D:6:      cheibrodos_quashed, layout_loops_ring, regret_index_temple_of_mockery,
          pf_just_have_faith, uniq_edmund, uniq_prince_ribbit1
D:7:      layout_loops_cross, nicolae_overflow_hidden_temple,
          mainiacjoe_overflow_six_doors_small, serial_bayou_pond_c
D:8:      layout_loops_ring, nicolae_overflow_crystal_walls,
          mainiacjoe_overflow_catwalk_spiral, erik_lair_island,
          lightli_corner_chamber
Temple:   corrupted_temple

Skill      XL: |  1  2  3  4  5  6  7  8  9 |
---------------+----------------------------+-----
Shields        | 3 4 5 6 |  6.8
Unarmed Combat | 3 4 5 6 8 9 |  9.9
Fighting       | 3 4 5 6 |  6.2
Dodging        | 3 |  3.0

Action                     |  1- 3 |  4- 6 |  7- 9 || total
---------------------------+-------+-------+-------++-------
  Melee: Unarmed           |   116 |   187 |   293 ||   596
  Throw: Dart              |       |     1 |       ||     1
   Cast: Passwall          |       |       |     2 ||     2
  Evoke: Wand              |       |     4 |       ||     4
    Use: Scroll            |       |     8 |     6 ||    14
   Stab: Sleeping          |       |     1 |       ||     1
         Distracted        |       |       |     1 ||     1
 Armour: Robe              |    49 |    47 |    88 ||   184
  Dodge: Dodged            |    58 |    65 |   102 ||   225
  Block: Kite shield       |    52 |    81 |   116 ||   249
